 Dungeon Crawl Stone Soup version 0.27.1-16-g815e20cd7a (webtiles) character file.

Game seed: 8376821987470373287

1109 Cykl0x the Skirmisher (level 8, 0/75 HPs)
             Began as a Gargoyle Fighter on Nov 22, 2021.
             Slain by an orc wizard (2 damage)
             ... on level 6 of the Dungeon.
             The game lasted 00:07:18 (5536 turns).

Cykl0x the Skirmisher (Gargoyle Fighter)            Turns: 5536, Time: 00:07:19

Health: 0/75       AC: 15    Str: 22    XL:     8   Next: 33%
Magic:  8/8        EV:  9    Int:  9    God:
Gold:   167        SH: 10    Dex: 13    Spells: 7/7 levels left

rFire    + . .     SeeInvis +   a - +0 long sword
rCold    . . .     Faith    .   c - +0 kite shield
rNeg     + . .     Spirit   .   l - +0 scale mail of Lust {Rampage rElec Dex+4 SInv}
rPois    ∞         Reflect  .   m - +1 helmet
rElec    +         Harm     .   (no cloak)
rCorr    .         Rampage  +   (no gloves)
Will     .....                  (no boots)
Stlth    ..........             (no amulet)
HPRegen  0.22/turn              f - ring of protection from fire
MPRegen  0.11/turn              (no ring)

@: mighty, berserking (expiring), very slightly contaminated, invisible, very
quick
A: sickness immunity, AC +5, negative energy resistance 1, electricity
resistance, torment resistance 1, petrification resistance
a: no special abilities


You were on level 6 of the Dungeon.
You visited 1 branch of the dungeon, and saw 6 of its levels.

You collected 302 gold pieces.
You spent 135 gold pieces at shops.

Inventory:

Hand Weapons
 a - a +0 long sword (weapon)
 q - a +1 dagger of speed
Missiles
 e - 152 stones (quivered)
Armour
 b - a +0 scale mail
 c - a +0 kite shield (worn)
 l - the +0 scale mail of Lust (worn) {Rampage rElec Dex+4 SInv}
   (You bought it in a shop on level 1 of the Dungeon)

   Dex:       It affects your dexterity (+4).
   rElec:     It insulates you from electricity.
   SInv:      It lets you see invisible.
   Rampage:   It bestows one free step when moving towards enemies.
 m - a +1 helmet (worn)
Jewellery
 f - a ring of protection from fire (left hand)
 r - a +6 ring of dexterity
Potions
 g - 3 potions of haste
 h - a potion of curing
 i - a potion of ambrosia
 k - a potion of invisibility
 n - 3 potions of heal wounds {unknown}
 o - a potion of brilliance {unknown}
 p - a potion of attraction {unknown}
 t - a potion of mutation {unknown}
 u - a potion of resistance {unknown}
 v - 2 potions of degeneration {unknown}
 w - a potion of experience {unknown}


   Skills:
 * Level 5.5 Fighting
 + Level 4.3 Long Blades
 * Level 3.6 Throwing
 + Level 4.4 Armour
 * Level 2.8 Dodging
 + Level 5.2 Shields


You had 7 spell levels left.
You didn't know any spells.
Your spell library contained the following spells:

 Spells                   Type           Power      Damage    Failure   Level
 Pain                     Necr           0%         1d4       98%         1
 Agony                    Necr           0%         N/A       100%        5
 Infestation              Necr           0%         N/A       100%        8


Dungeon Overview and Level Annotations

Branches:
Dungeon (6/15)
 Temple: D:4-7

Altars:
Fedhas
Makhleb

Shops:
D:1 [


Innate Abilities, Weirdness & Mutations

You are immune to sickness and miasma.
Your stone body is resilient. (AC +5)
You are immune to poison.
You resist negative energy. (rN+)
You are resistant to electric shocks. (rElec)
You are resistant to unholy torment.
You are immune to petrification.


Message History

The orc wizard gestures at you while chanting.
You resist with some effort.
Unknown command.
You hit the orc wizard.
The orc wizard is severely wounded.
The orc wizard barely misses you. You block the orc wizard's attack.
You hit the orc wizard.
The orc wizard is almost dead.
The orc wizard points at you and mumbles some strange words.
The magic dart hits you.
* * * LOW HITPOINT WARNING * * *
The orc wizard gestures at you while chanting.
You block the puff of flame.
You hit the orc wizard.
The orc wizard is almost dead.
The orc wizard hits you but does no damage.
The orc wizard barely misses you.
Things that are here:
a +2 dagger of freezing; a +0 robe; an orc corpse You catch the helpless orc priest completely off-guard!
You slash the orc priest!
The orc priest is almost dead.
The orc priest barely misses you.
You riposte.
You hit the orc priest.
You kill the orc priest!
You block the orc wizard's attack. The orc wizard barely misses you.
You see here a +0 club.
You rampage towards the orc wizard!
You feel a strong urge to attack something.
You closely miss the orc wizard.
The orc wizard is almost dead.
The orc wizard casts a spell at you. You block the puff of flame.
The orc wizard points at you and mumbles some strange words.
The magic dart hits you.
* * * LOW HITPOINT WARNING * * *
You catch the helpless orc wizard completely off-guard!
You slash the orc wizard!
You kill the orc wizard!
The orc wizard hits you with a +0 dagger.
You die...

......(.. ....o.oo#
... #.# ###.# #o#
..#.# #.# ####.#)# .
#.#####..#.#.# .###
#....)#..#.#.# ...
#####)#..#.#.# ..###
#...@o..#.#.#####.#.<
#.##)#.##.......#.#..
# #.#.####.#.#.#.##.
#.#......#.#......
#.########.#######
#.# ..# #.. ### ###


You could see an orc wizard (invisible).

Vanquished Creatures
  Grinder (D:4)
  An ice beast (D:5)
  A black bear (D:4)
  A centaur (D:5)
  2 ogres
  A scorpion (D:4)
  A howler monkey (D:5)
  2 orc priests
  A centaur skeleton (D:5)
  4 orc wizards
  A scorpion zombie (D:5)
  2 iguanas (D:4)
  A howler monkey zombie (D:5)
  A howler monkey skeleton (D:5)
  3 adders
  An adder skeleton (D:4)
  3 dart slugs
  11 orcs
  6 endoplasms
  6 giant cockroaches
  13 hobgoblins
  A quokka (D:1)
  8 ball pythons
  6 bats
  5 frilled lizards
  8 goblins
  6 kobolds
  5 rats
102 creatures vanquished.

Vanquished Creatures (others)
  A plant (D:4)
1 creature vanquished.

Grand Total: 103 creatures vanquished

Notes
Turn   | Place    | Note
-------+----------+-------------------------------------------
     0 | D:1      | Cykl0x the Gargoyle Fighter began the quest for the Orb.
     0 | D:1      | Reached XP level 1. HP: 14/14 MP: 1/1
    99 | D:1      | Found Ciziwn's Antique Armour Emporium.
   109 | D:1      | Reached XP level 2. HP: 18/19 MP: 2/2
   632 | D:1      | Found a faded altar of an unknown god.
   888 | D:1      | Reached XP level 3. HP: 24/24 MP: 3/3
   927 | D:1      | You fall into a shaft and drop 1 floor!
   971 | D:2      | You fall into a shaft and drop 2 floors!
   971 | D:4      | Noticed Grinder
   971 | D:4      | Found a blossoming altar of Fedhas.
   982 | D:4      | Killed Grinder
   983 | D:4      | Reached skill level 1 in Dodging
   983 | D:4      | Reached XP level 4. HP: 23/29 MP: 4/4
   983 | D:4      | Reached XP level 5. HP: 26/33 MP: 5/5
  1107 | D:3      | Reached XP level 6. HP: 39/39 MP: 6/6
  1127 | D:3      | Found a burning altar of Makhleb.
  1807 | D:1      | Bought a spiked scale mail for 135 gold pieces
  1807 | D:1      | Identified the +0 scale mail of Lust {Rampage rElec Dex+4
                  | SInv} (You bought it in a shop on level 1 of the Dungeon)
  3522 | D:4      | Reached XP level 7. HP: 8/44 MP: 7/7
  3932 | D:4      | Got Woiguz's Compendium of Dark Rites
  4250 | D:5      | Entered Level 5 of the Dungeon
  4685 | D:5      | Reached skill level 5 in Fighting
  4828 | D:5      | HP: 1/44 [ogre (14)]
  4862 | D:4      | Reached skill level 5 in Shields
  5047 | D:5      | Reached XP level 8. HP: 45/49 MP: 8/8
  5535 | D:6      | HP: 2/75 [orc wizard/magic dart (4)]
  5536 | D:6      | Slain by an orc wizard

Illustrated notes

Levels and vault maps discovered:
D:1:      dpeg_chamrin_arrival_tetris, layout_basic, serial_shops, shop,
          ebering_ecumenical_altar_abandoned
D:2:      layout_loops_ring, st_stairs_4
D:3:      layout_basic, bloody_makhleb
D:4:      minmay_inner_zag, layout_loops_ring, fedhas_altar_1, uniq_grinder
D:5:      layout_rooms, solitary_fountain, kennysheep_cross_bottleneck
D:6:      layout_basic, kennysheep_vampire_church,
          minmay_temple_entry_butterflies, portal_sewer_entry_a,
          minmay_misc_feat_doors

Skill      XL: |  1  2  3  4  5  6  7  8 |
---------------+-------------------------+-----
Fighting       | 4 5 |  5.5
Long Blades    | 2 3 4 |  4.3
Throwing       | 2 3 |  3.6
Dodging        | 1 2 |  2.8
Shields        | 4 5 |  5.2
Armour         | 4 |  4.4

Action                   |  1- 3 |  4- 6 |  7- 9 || total
-------------------------+-------+-------+-------++-------
Melee: Long sword        |    88 |   168 |   162 ||   418
Throw: Stone             |    39 |    63 |    37 ||   139
  Use: Scroll            |     1 |     2 |     6 ||     9
       Potion            |     1 |       |     6 ||     7
 Stab: Invisible         |       |       |     2 ||     2
Armor: Scale mail        |    59 |    74 |    93 ||   226
Dodge: Dodged            |    23 |    63 |    78 ||   164
Block: Kite shield       |    60 |    91 |   107 ||   258
       Rpst.: Long sword |     4 |    15 |    22 ||    41
